 Dungeon Crawl Stone Soup version 0.20-a0-513-g02c11fc (webtiles) character file.

527 AlphabetPasta the Charmwright (level 7, -6/51 HPs)
             Began as a Demonspawn Skald on Jan 23, 2017.
             Mangled by a human zombie (7 damage)
             ... in an ossuary.
             The game lasted 00:19:49 (3128 turns).

AlphabetPasta the Charmwright (Demonspawn Skald)    Turns: 3128, Time: 00:19:50

Health: -6/51      AC:  7    Str: 13    XL:     7   Next: 3%
Magic:  12/12      EV: 12    Int: 15    God:
Gold:   136        SH:  0    Dex: 12    Spells: 3/12 levels left

rFire    . . .     SeeInvis .   a - +1 hand axe
rCold    . . .     Gourm    .   b - +1 leather armour
rNeg     . . .     Faith    .   (no shield)
rPois    .         Spirit   .   (no helmet)
rElec    .         Reflect  .   q - +0 cloak
rCorr    .         Harm     .   (no gloves)
MR       .....                  (no boots)
Stlth    +.........             (no amulet)
Regen    0.2/turn               (no ring)
                                (no ring)

@: marked, singing (expiring), repel missiles
A: yellow scales 1, powered by pain 1
a: Stop Singing


You were in an ossuary.
You were not hungry.

You visited 1 branch of the dungeon, and saw 4 of its levels.
You also visited: Ossuary.

You collected 136 gold pieces.

Inventory:

Hand Weapons
 a - a +1 hand axe (weapon)
 o - a +0 shortbow of freezing
 t - a +0 war axe
Missiles
 p - 146 arrows
Armour
 b - a +1 leather armour (worn)
 q - a +0 cloak (worn)
Magical Staves
 r - an uncursed staff of earth
Wands
 m - a wand of polymorph (14/24)
Scrolls
 l - a scroll of amnesia
Potions
 i - a potion of agility
 k - a potion of haste {unknown}
 n - a potion of brilliance
 s - a potion of cancellation
Books
 c - a book of Battle

   Spells                             Type                      Level
   a - Infusion                       Charms                       1
   b - Shroud of Golubria             Charms/Translocation         2
   c - Song of Slaying                Charms                       2
   d - Spectral Weapon                Hexes/Charms                 3
   e - Regeneration                   Charms/Necromancy            3
 j - a book of Minor Magic

   Spells                             Type                      Level
   a - Magic Dart                     Conjuration                  1
   b - Blink                          Translocation                2
   c - Call Imp                       Summoning                    2
   d - Repel Missiles                 Charms/Air                   2
   e - Slow                           Hexes                        2
   f - Conjure Flame                  Conjuration/Fire             3
   g - Mephitic Cloud                 Conjuration/Poison/Air       3
Comestibles
 d - 3 bread rations
 f - a fruit
 g - 2 meat rations
 h - 2 royal jellies


   Skills:
 - Level 2.7 Fighting
 * Level 3.9 Axes
 * Level 1.9 Bows
 + Level 1.5 Armour
 - Level 1.7 Dodging
 * Level 3.4 Spellcasting
 * Level 4.2 Charms
 - Level 1.0 Translocations
 - Level 0.8 Evocations


You had 3 spell levels left.
You knew the following spells:

 Your Spells              Type           Power        Failure   Level  Hunger
a - Infusion              Chrm           ###.         4%          1    None
b - Song of Slaying       Chrm           ###.....     8%          2    ##.....
c - Shroud of Golubria    Chrm/Tloc      ##........   17%         2    ##.....
d - Repel Missiles        Chrm/Air       #.....       21%         2    ##.....
e - Blink                 Tloc           N/A          28%         2    ##.....


Dungeon Overview and Level Annotations

Branches:
Dungeon (4/15)
 Temple: D:4-7

Altars:
Gozag

Shops:
D:3 *

Annotations:
D:4 Dowan, Duvessa


Innate Abilities, Weirdness & Mutations

You are partially covered in yellow scales. (AC +2)
You sometimes gain a little power by taking damage.


Message History

Your song is almost over.
The elf zombie hits you but does no damage.
The goblin zombie barely misses you. The human zombie hits you.
* * * LOW HITPOINT WARNING * * *
You slash the mummy!
The mummy is almost destroyed.
You slash the goblin zombie!
You destroy the goblin zombie!
You slash the human zombie! You hit the elf zombie.
The elf zombie hits you but does no damage.
The mummy hits you but does no damage. The human zombie misses you.
You hit the mummy.
You destroy the mummy!
You hit the hobgoblin zombie. You closely miss the human zombie.
You barely miss the elf zombie. The elf zombie hits you!
* * * LOW HITPOINT WARNING * * *
The hobgoblin zombie misses you.
Unknown command.
The human zombie hits you!
You die...

#....................#
#...######^.######...#
#...# #^.# #...# #...#
#..# #...#
#...#.####..####Z#...#
#...#......Z.Z.Z.#...#
#...#....ZZZ####.#...#
#...#....Z..# #...#
#...#.....@.# #...#
#...#.....∩.# #...#
#...####+..... #...#
#...# #...### #...#
#...# #...# #...#
#...##############...#
#....................#
#.........∩∩.........#
######################


You could see a goblin zombie, a hobgoblin zombie, 2 elf zombies and a human
zombie.

Vanquished Creatures
  Grinder (D:4)
  A centaur (D:3)
  A scorpion (D:4)
  A jelly (D:3)
  A big kobold zombie (Ossuary)
  A hound skeleton (D:4)
  2 mummies (Ossuary)
  A howler monkey zombie (D:3)
  2 adders
  An adder zombie (Ossuary)
  2 worms (D:2)
  2 dart slugs (D:1)
  A leopard gecko (D:4)
  4 orcs (D:3)
  2 ball pythons
  7 bats
  3 giant cockroaches
  9 goblins
  5 hobgoblins
  5 jackals
  2 frilled lizards
  2 goblin zombies (Ossuary)
  9 hobgoblin zombies (Ossuary)
  6 kobolds
  6 kobold zombies (Ossuary)
  A leopard gecko skeleton (D:3)
  5 orc zombies (Ossuary)
  6 rats
  4 rat zombies (Ossuary)
93 creatures vanquished.

Notes
Turn   | Place    | Note
-------+----------+-------------------------------------------
     0 | D:1      | AlphabetPasta the Demonspawn Skald began the quest for the Orb.
     0 | D:1      | Reached XP level 1. HP: 16/16 MP: 3/3
    49 | D:1      | Learned a level 1 spell: Infusion
   128 | D:1      | Gained mutation: You are partially covered in yellow scales. (AC +2) [demonic ancestry]
   128 | D:1      | Reached XP level 2. HP: 5/22 MP: 5/5
   592 | D:1      | Reached skill level 3 in Charms
   779 | D:2      | Reached XP level 3. HP: 23/27 MP: 0/6
  1003 | D:2      | Learned a level 2 spell: Song of Slaying
  1006 | D:2      | Learned a level 2 spell: Shroud of Golubria
  1433 | D:3      | Found an opulent altar of Gozag.
  1442 | D:3      | Found Gozag's Platinum Reserve.
  1465 | D:3      | Reached XP level 4. HP: 11/34 MP: 7/7
  1743 | D:3      | Reached skill level 1 in Translocations
  1810 | D:3      | Noticed a centaur
  1824 | D:3      | Killed a centaur
  1824 | D:3      | Reached XP level 5. HP: 21/39 MP: 1/9
  2253 | D:3      | Learned a level 2 spell: Repel Missiles
  2256 | D:3      | Learned a level 2 spell: Blink
  2552 | D:4      | Reached skill level 1 in Armour
  2561 | D:4      | Noticed Duvessa
  2561 | D:4      | Noticed Dowan
  2830 | D:4      | Noticed Grinder
  2839 | D:4      | Paralysed by Grinder for 3 turns
  2845 | D:4      | Gained mutation: You sometimes gain a little power by taking damage. [demonic ancestry]
  2845 | D:4      | Reached XP level 6. HP: 18/46 MP: 3/10
  2852 | D:4      | Paralysed by Grinder for 3 turns
  2868 | D:4      | Killed Grinder
  2868 | D:4      | Reached skill level 1 in Bows
  2868 | D:4      | Reached skill level 4 in Charms
  2879 | D:4      | Found a sand-covered staircase.
  2886 | Ossuary  | Entered an ossuary
  3123 | Ossuary  | Reached XP level 7. HP: 19/51 MP: 12/12
  3127 | Ossuary  | HP: 1/51 [elf zombie (7)]
  3128 | Ossuary  | Mangled by a human zombie

Vault maps used:
D:1:      eino_arrival_cavern_c
D:2:      first_bread
D:3:      nicolae_gozag_zags_fifth_avenue
D:4:      kennysheep_six_static_rooms, enter_ossuary_4, uniq_duvessa,
          uniq_grinder
Ossuary:  ossuary_tomb_1

Skill      XL: |  1  2  3  4  5  6 |
---------------+-------------------+-----
Axes           | 2 3 |  3.9
Charms         | 3 4 |  4.2
Translocations | 1 |  1.0
Armour         | 1 |  1.5
Spellcasting   | 3 |  3.4
Bows           | 1 |  1.9
Fighting       | |  2.7
Dodging        | |  1.7
Evocations     | |  0.8

Action                   |  1- 3 |  4- 6 |  7- 9 || total
-------------------------+-------+-------+-------++-------
Melee: Hand axe          |   161 |   126 |     3 ||   290
       Unarmed           |       |     9 |       ||     9
 Cast: Infusion          |     4 |     4 |       ||     8
       Song of Slaying   |     1 |     4 |       ||     5
       Repel Missiles    |       |     1 |       ||     1
       Shroud of Golubri |       |     1 |       ||     1
  Use: Scroll            |    11 |     4 |       ||    15
       Potion            |       |     3 |     1 ||     4
  Eat: Chunk             |     2 |     4 |       ||     6
       Fruit             |       |     2 |       ||     2
Armor: Leather armour    |    62 |    48 |     3 ||   113
       Skin              |       |     1 |       ||     1
Dodge: Dodged            |   110 |    94 |     6 ||   210
